 Dungeon Crawl Stone Soup version 0.28.0 (webtiles) character file.

Game seed: 978810616117452518

9 mopl the Sneak (level 2, 0/21 HPs)
             Began as an Octopode Delver on Feb 8, 2022.
             Was an Initiate of Dithmenos.
             Slain by a scorpion zombie (2 damage)
             ... on level 5 of the Dungeon.
             The game lasted 00:00:47 (364 turns).

mopl the Sneak (Octopode Delver)                     Turns: 364, Time: 00:00:48

Health: 0/21       AC:  1    Str: 11    XL:     2   Next: 12%
Magic:  2/2        EV: 13    Int: 12    God:    Dithmenos [......]
Gold:   20         SH:  0    Dex: 13    Spells: 1/1 levels left

rFire   . . .      SeeInvis .   a - +0 falchion
rCold   . . .      Faith    .   (no shield)
rNeg    . . .      Spirit   .   (helmet restricted)
rPois   .          Reflect  .   (no amulet)
rElec   .          Harm     .   (no ring)
rCorr   .          Rampage  .   (no ring)
Will    .....                   (no ring)
Stlth   ++++......              (no ring)
HPRegen 0.07/turn               (no ring)
MPRegen 0.08/turn               (no ring)
                                (no ring)
                                (no ring)

@: no status effects
A: almost no armour, amphibious, 8 rings, camouflage 1, gelatinous body 1,
(nimble swimmer 1), tentacles
a: Renounce Religion


You were on level 5 of the Dungeon.
You worshipped Dithmenos.
Dithmenos was noncommittal.
You visited 2 branches of the dungeon, and saw 2 of its levels.

You collected 20 gold pieces.

Inventory:

Hand Weapons
 a - a +0 falchion (weapon)
Wands
 f - a wand of digging (3)
Scrolls
 b - a scroll of fog
 c - a scroll of magic mapping
 d - a scroll of fear
Potions
 e - a potion of haste


   Skills:
 + Level 3.1 Fighting
 * Level 2.3 Long Blades
 + Level 2.1 Dodging
 + Level 6.7 Stealth


You had one spell level left.
You didn't know any spells.
Your spell library was empty.

Dungeon Overview and Level Annotations

Branches:
Dungeon (5/15)             Temple (1/1) D:5

Altars:
Ashenzari
Cheibriados
Dithmenos
Elyvilon
Fedhas
Gozag
Hepliaklqana
Makhleb
Nemelex Xobeh
Okawaru
Ru
Sif Muna
Trog
Vehumet
Xom
Yredelemnul
Zin
The Shining One


Innate Abilities, Weirdness & Mutations

You cannot wear most types of armour.
You are amphibious.
You can wear up to eight rings at the same time.
Your skin changes colour to match your surroundings (Stealth+).
Your rubbery body absorbs attacks. (AC +1, EV +1)
((You are camouflaged when in or above water. (Stealth+)))
You have tentacles for arms and can constrict up to eight enemies at once.


Message History

There is an open door here.
Found a shadowy altar of Dithmenos.
Found an iron altar of Okawaru.
There is a shimmering altar of Xom here.
There is a shadowy altar of Dithmenos here.
You curl up in front of the altar of Dithmenos.
Dithmenos welcomes you!
There is an open door here.
There is an open door here.
There is a staircase back to the Dungeon here.
You climb upwards.
There is a staircase to the Ecumenical Temple here.
You open the door.
A scorpion zombie comes into view.
Found a throwing net.
Found 26 stones.
There is an open door here.
You see here a throwing net.
The helpless scorpion zombie fails to defend itself.
You hit the scorpion zombie but do no damage.
You grab the scorpion zombie.
You constrict the scorpion zombie, but do no damage.
The scorpion zombie hits you! The scorpion zombie barely misses you.
You hit the scorpion zombie.
The scorpion zombie is lightly damaged.
You constrict the scorpion zombie. The scorpion zombie hits you.
You are too injured to fight recklessly!
You are too injured to fight recklessly!
You hit the scorpion zombie. You tentacle-slap the scorpion zombie.
The scorpion zombie is moderately damaged.
You constrict the scorpion zombie. The scorpion zombie hits you.
* * * LOW HITPOINT WARNING * * *
You hit the scorpion zombie but do no damage.
The scorpion zombie is moderately damaged.
You constrict the scorpion zombie. The scorpion zombie closely misses you.
You hit the scorpion zombie but do no damage.
You squeeze the scorpion zombie.
The scorpion zombie is severely damaged.
You constrict the scorpion zombie. The scorpion zombie hits you.
You die...

###'### #.#
..####⌠.⌠####.#
#....+.>.#....#
#.####⌠.⌠####..
###'### #.#
###.### #.# #.#
#.# #(# #.# #@#
#Z.# ##.# (# .#
##


You could see a scorpion zombie.

Vanquished Creatures
  An adder (D:5)
1 creature vanquished.

Notes
Turn   | Place    | Note
-------+----------+-------------------------------------------
     0 | D:5      | mopl the Octopode Delver began the quest for the Orb.
     0 | D:5      | Reached XP level 1. HP: 16/16 MP: 1/1
    28 | D:5      | Reached XP level 2. HP: 14/21 MP: 2/2
   125 | D:5      | Found a staircase to the Ecumenical Temple.
   130 | Temple   | Entered the Ecumenical Temple
   320 | Temple   | Became a worshipper of Dithmenos the Shadowed
   364 | D:5      | Slain by a scorpion zombie

Illustrated notes

Levels and vault maps discovered:
D:5:      layout_loops_ring, temple_doors_e, chequers_serial_rivers_large_a,
          uniq_prince_ribbit1, uniq_menkaure
Temple:   dpeg_five_rooms_temple

Action                   || total
-------------------------++-------
Melee: Falchion          ||     7
       Constrict         ||     2
       Punch             ||     1
       Tentacles         ||     1
 Stab: Sleeping          ||     1
Dodge: Dodged            ||     2
